 Dungeon Crawl Stone Soup version 0.17.1-3-g152610e (webtiles) character file.

576 buf2 the Bolt Thrower (level 7, -10/46 HPs)
             Began as a High Elf Hunter on Apr 27, 2016.
             Was a Follower of Nemelex Xobeh.
             Mangled by kaze's ghost (13 damage)
             ... on level 5 of the Dungeon.
             The game lasted 00:57:22 (5311 turns).

buf2 the Bolt Thrower (High Elf Hunter)             Turns: 5311, Time: 00:57:22

Health: -10/46     AC:  3    Str: 12    XL:     7   Next: 12%
Magic:  8/8        EV: 13    Int: 16    God:    Nemelex Xobeh [*.....]
Gold:   145        SH:  0    Dex: 16    Spells: 1 memorised, 0 levels left

rFire  . . .     SeeInvis .     b - +0 short sword
rCold  . . .     Clarity  .     c - +0 leather armour
rNeg   . . .     SustAt   .     (no shield)
rPois  .         Gourm    .     (no helmet)
rElec  .         Spirit   .     (no cloak)
rCorr  .         Warding  .     (no gloves)
rMut   .         Stasis   .     (no boots)
MR     .....                    (no amulet)
Stlth  ++........               (no ring)
                                n - ring of invisibility

@: not resistant to hostile enchantments, unstealthy
A: wild magic 1
a: Renounce Religion, Evoke Invisibility


You were on level 5 of the Dungeon.
You worshipped Nemelex Xobeh.
Nemelex Xobeh was aware of your devotion.
You were hungry.

You visited 1 branch of the dungeon, and saw 5 of its levels.

You collected 145 gold pieces.

Inventory:

Hand Weapons
 a - a +1 hand crossbow
 b - a +0 short sword (weapon)
 f - a +0 flail of protection
 k - a +0 whip
 l - a +0 mace
 m - a +0 spear
 r - a +0 war axe
 x - a +0 scythe
 D - a +0 hand crossbow
 N - a cursed -1 short sword
 O - a +0 falchion
Missiles
 d - 46 bolts
 h - 3 steel bolts
 i - 189 stones (quivered)
 o - 27 sling bullets
 q - 55 arrows
 w - 11 poisoned needles
Armour
 c - a +0 leather armour (worn)
 g - a +0 ring mail
 s - a +0 robe
 t - a +0 hat
 v - a cursed +0 robe
 y - a +0 robe
 F - a +0 scale mail
 G - a +0 plate armour
 H - a +0 helmet
 I - a +0 buckler
Jewellery
 n - a ring of invisibility (left hand)
Wands
 z - a wand of confusion (7)
 A - a wand of random effects (28)
Scrolls
 j - a scroll of remove curse
 B - a scroll of recharging
 J - a scroll of identify
 P - a scroll of magic mapping
Potions
 E - a potion of ambrosia {unknown}
 L - a potion of brilliance
 Q - a potion of invisibility {unknown}
 T - a potion of beneficial mutation
Books
 R - an Akashic Record

   Spells                             Type                      Level
   a - Dispersal                      Translocation                6
   b - Malign Gateway                 Summoning/Translocation      7
   c - Disjunction                    Translocation                8
   d - Controlled Blink               Translocation                8
Miscellaneous
 u - a plain deck of destruction {drawn: 7}
 C - a plain deck of destruction {drawn: 8}
Comestibles
 p - 6 fruits
 K - 3 bread rations
 M - 3 meat rations
 S - a beef jerky


   Skills:
 + Level 3.0 Fighting
 + Level 2.1 Short Blades
 + Level 6.6 Crossbows
 + Level 2.2 Armour
 + Level 3.5 Dodging
 + Level 2.8 Stealth
 + Level 0.2 Evocations


You couldn't memorise any spells.
You knew the following spells:

 Your Spells              Type           Power        Failure   Level  Hunger
a - Dispersal             Tloc           #.........   100%        6    #######


Dungeon Overview and Level Annotations

Branches:
Dungeon (5/15)
 Temple: D:4-7

Altars:
Makhleb
Nemelex Xobeh

Annotations:
D:5 kaze's ghost, novice TrFi


Innate Abilities, Weirdness & Mutations

Your spells are a little harder to cast, but a little more powerful.


Message History

Kaze's ghost is heavily damaged.
Kaze's ghost wails, "You will never get the ORB!"
Kaze's ghost misses you.
Drink which item? (? for menu, Esc to quit)
You feel better. Kaze's ghost hits you!
* * * LOW HITPOINT WARNING * * *
Drink which item? (? for menu, Esc to quit)
It was a potion of beneficial mutation.
You feel less in control of your magic.
You feel fantastic! Kaze's ghost barely misses you.
Read which item? (? for menu, Esc to quit)
Okay, then.
Evoke which item? (* to show all) (? for menu, Esc to quit)
Zapping:
z - a wand of confusion (8)
Press: ? - help, Shift-Dir - straight line, f/p - kaze's ghost
Aim: kaze's ghost (heavily damaged, chance to defeat MR: 24%) Kaze's ghost resists with almost no effort.
This wand has 7 charges left.
Kaze's ghost hits you!
You die...
Your body disappears without a glow.

#### . #... ..##
..#.###..# '..
..#......# ..##.####
#.#####..#
........#########.#
#..# #...gW@........#
#..#
#.##.#####..##.#####..#
#......................
#$..(.g................
#.#####................
... #.#..#...........
... #.#..............
##. #.#..#...........
#. #.#.(#...........


You could see kaze's ghost and a goblin.

Vanquished Creatures
  Sigmund (D:2)
  A scorpion (D:4)
  An orc priest (D:4)
  Ijyb (D:2)
  A giant frog skeleton (D:4)
  A centaur skeleton (D:5)
  Terence (D:2)
  Natasha (thrice) (D:2)
  An orc wizard (D:4)
  7 adders
  A gnoll (D:3)
  A worm (D:3)
  7 orcs
  7 giant cockroaches
  6 goblins
  8 hobgoblins
  8 jackals
  2 quokkas
  A ball python (D:3)
  10 bats
  6 giant newts
  11 kobolds
  A quokka skeleton (D:5)
  7 rats
94 creatures vanquished.

Vanquished Creatures (collateral kills)
  An iguana (D:4)
  An adder skeleton (D:4)
2 creatures vanquished.

Grand Total: 96 creatures vanquished

Notes
Turn   | Place    | Note
--------------------------------------------------------------
     0 | D:1      | buf2 the High Elf Hunter began the quest for the Orb.
     0 | D:1      | Reached XP level 1. HP: 14/14 MP: 2/2
   184 | D:1      | Reached XP level 2. HP: 17/19 MP: 3/3
  1097 | D:1      | Reached XP level 3. HP: 25/25 MP: 4/4
  1167 | D:2      | Noticed Natasha
  1171 | D:2      | Killed Natasha
  1238 | D:2      | Found a sparkling altar of Nemelex Xobeh.
  1402 | D:2      | Reached skill level 5 in Crossbows
  1402 | D:2      | Reached XP level 4. HP: 30/30 MP: 5/5
  1431 | D:2      | Noticed Natasha
  1444 | D:2      | Killed Natasha
  1608 | D:2      | Noticed Sigmund
  1621 | D:2      | Killed Sigmund
  1621 | D:2      | Reached skill level 1 in Short Blades
  1621 | D:2      | Reached skill level 6 in Crossbows
  1621 | D:2      | Reached skill level 1 in Armour
  1621 | D:2      | Reached XP level 5. HP: 22/35 MP: 6/6
  1864 | D:2      | Noticed Natasha
  1865 | D:2      | Killed Natasha
  1908 | D:2      | Noticed Terence
  1953 | D:2      | Killed Terence
  1953 | D:2      | Reached XP level 6. HP: 8/41 MP: 7/7
  2419 | D:2      | Became a worshipper of Nemelex Xobeh the Trickster
  2489 | D:2      | Found a burning altar of Makhleb.
  2489 | D:2      | Noticed Ijyb
  2494 | D:2      | Killed Ijyb
  2678 | D:3      | Received a gift from Nemelex Xobeh
  4208 | D:4      | Reached * piety under Nemelex Xobeh
  4629 | D:4      | Received a gift from Nemelex Xobeh
  4691 | D:4      | Reached XP level 7. HP: 31/46 MP: 8/8
  4897 | D:4      | Learned a level 6 spell: Dispersal
  5140 | D:5      | Entered Level 5 of the Dungeon
  5282 | D:5      | Noticed kaze's ghost (novice TrFi)
  5310 | D:5      | Gained mutation: Your spells are a little harder to cast, but a little more powerful. [potion of beneficial mutation]
  5311 | D:5      | Mangled by kaze's ghost

Action                   |  1- 3 |  4- 6 |  7- 9 || total
-------------------------+-------+-------+-------++-------
Melee: Short sword       |    52 |   186 |     9 ||   247
 Fire: Hand crossbow     |    48 |    88 |    11 ||   147
Evoke: Deck              |       |     8 |     7 ||    15
       Wand              |       |     4 |     2 ||     6
  Use: Scroll            |     4 |     6 |     1 ||    11
       Potion            |       |     3 |     2 ||     5
 Stab: Sleeping          |     4 |     1 |       ||     5
       Confused          |       |     4 |       ||     4
  Eat: Chunk             |     1 |     2 |       ||     3
       Bread ration      |       |     2 |       ||     2
       Beef jerky        |       |       |     1 ||     1
